 Dungeon Crawl Stone Soup version 0.23.2-30-g0e89c35649 (webtiles) character file.

Game seed: 12040461350423876629

92 HASTUR3 the Insei (level 4, 21/21 HPs)
             Began as a Vine Stalker Transmuter on June 21, 2019.
             Quit the game on level 2 of the Dungeon.
             The game lasted 00:06:24 (1716 turns).

HASTUR3 the Insei (Vine Stalker Transmuter)         Turns: 1716, Time: 00:06:25

Health: 21/21      AC:  2    Str: 13    XL:     4   Next: 60%
Magic:  9/9        EV: 12    Int: 14    God:
Gold:   63         SH:  0    Dex: 14    Spells: 4/8 levels left

rFire    . . .     SeeInvis .     - Unarmed
rCold    . . .     Gourm    .   (no shield)
rNeg     . . .     Faith    .   b - +0 robe
rPois    .         Spirit   +   (no helmet)
rElec    .         Reflect  .   (no cloak)
rCorr    .         Harm     .   (no gloves)
MR       .....                  (no boots)
Stlth    +.........             (no amulet)
HPRegen  0.47/turn              (no ring)
MPRegen  0.11/turn              (no ring)

@: no status effects
A: fangs 2, regeneration 1, magic shield, antimagic bite, no potion heal 3, rot
immunity
a: no special abilities


You were on level 2 of the Dungeon.
You were not hungry.

You visited 1 branch of the dungeon, and saw 2 of its levels.

You collected 63 gold pieces.

Inventory:

Missiles
 a - 12 arrows
Armour
 b - a +0 robe (worn)
Scrolls
 c - 2 scrolls of enchant armour {unknown}
 e - a scroll of blinking {unknown}
 g - a scroll of teleportation {unknown}
 j - a scroll of magic mapping {unknown}
 k - a scroll of identify {unknown}
Potions
 f - a potion of degeneration {unknown}
 i - a potion of experience {unknown}
Comestibles
 d - 4 rations
 h - 9 chunks of flesh


   Skills:
 - Level 0.8 Fighting
 - Level 1.5 Dodging
 - Level 3.4 Unarmed Combat
 - Level 2.8 Spellcasting
 - Level 2.6 Transmutations
 + Level 2.6 Poison Magic


You had 4 spell levels left.
You knew the following spells:

 Your Spells              Type           Power        Failure   Level  Hunger
a - Beastly Appendage     Tmut           #.....       8%          1    #......
b - Spider Form           Tmut/Pois      #.........   22%         3    ###....

Your spell library contained the following spells:

 Spells                   Type           Power        Failure   Level  Hunger
 Sticks to Snakes         Tmut           #.......     12%         2    ###....
 Ice Form                 Ice/Tmut       #.......     77%         4    #####..
 Blade Hands              Tmut           #.........   91%         5    ######.


Dungeon Overview and Level Annotations

Branches:
Dungeon (2/15)

Altars:


Innate Abilities, Weirdness & Mutations

You have extremely sharp teeth.
Your natural rate of healing is unusually fast.
When hurt, damage is shared between your health and your magic reserves.
Your bite disrupts and absorbs the magic of your enemies.
Potions cannot restore your health.
You are immune to rotting.


Message History

A quokka comes into view.
Found 10 gold pieces and a glowing long sword.
A quokka is nearby!
The quokka completely misses you.
You see here 10 gold pieces.
You miss the quokka. You punch the quokka.
You bite the quokka, but do no damage.
The quokka is severely wounded.
The quokka bites you.
You hit the quokka.
You kill the quokka!
You now have 63 gold pieces (gained 10).
You see here a glowing long sword.
Found a stone staircase leading down.
A rat comes into view.
A rat is nearby!
There is a stone staircase leading down here.
You hit the rat.
You kill the rat!
Are you sure you want to abandon this character and quit the game? (Confirm with "yes".)

#.# #.# #.#
#.#### .# #.#
#....# .# #.#
####.# .#
#.#######.### .#
#.......)...# .#
#.#######.#.# .#
# #.#
#.#.#####.##.# #
#.#
#.#...>.@....# #
#.#
#.#####........#
#.# #.#
#.#.####.# #..
... ....# ## #.#
##.### #.# #.#
#.#


There were no monsters in sight!

Vanquished Creatures
  An adder (D:2)
  4 oozes
  A worm (D:2)
  4 dart slugs
  2 leopard geckos (D:1)
  A ball python (D:1)
  4 giant cockroaches
  2 goblins
  3 hobgoblins
  6 jackals
  2 quokkas (D:2)
  5 bats
  10 frilled lizards
  5 kobolds
  5 rats
55 creatures vanquished.

Notes
Turn   | Place    | Note
-------+----------+-------------------------------------------
     0 | D:1      | HASTUR3 the Vine Stalker Transmuter began the quest for the
                  | Orb.
     0 | D:1      | Reached XP level 1. HP: 9/9 MP: 4/4
    93 | D:1      | Reached XP level 2. HP: 12/14 MP: 3/6
   334 | D:1      | Reached XP level 3. HP: 1/17 MP: 1/8
   866 | D:1      | Learned a level 3 spell: Spider Form
  1072 | D:2      | Reached skill level 1 in Poison Magic
  1466 | D:2      | Gained mutation: Your natural rate of healing is unusually
                  | fast. [Vine Stalker growth]
  1466 | D:2      | Reached XP level 4. HP: 21/21 MP: 6/9
  1716 | D:2      | Quit the game

Skill      XL: |  1  2  3  4 |
---------------+-------------+-----
Poison Magic   | 1 2 |  2.6
Fighting       | |  0.8
Dodging        | |  1.5
Unarmed Combat | |  3.4
Spellcasting   | |  2.8
Transmutations | |  2.6

Action                   |  1- 3 |  4- 6 || total
-------------------------+-------+-------++-------
Melee: Unarmed           |   119 |    48 ||   167
       Kick              |    10 |       ||    10
       Bite              |    24 |     9 ||    33
       Headbutt          |     7 |       ||     7
       Punch             |       |     1 ||     1
 Cast: Beastly Appendage |    14 |       ||    14
       Spider Form       |     1 |       ||     1
 Stab: Distracted        |     1 |       ||     1
       Sleeping          |     1 |       ||     1
  Eat: Chunk             |     2 |     1 ||     3
Armor: Robe              |    25 |     4 ||    29
Dodge: Dodged            |    69 |    26 ||    95
